 Dungeon Crawl Stone Soup version 0.31.0-32-g396128a36d (webtiles) character file.

Game seed: 13441511247296633919

837 jaazzh the Shooter (level 7, -3/37 HPs)
             Began as a Spriggan Hunter on Mar 31, 2024.
             Was an Initiate of Nemelex Xobeh.
             Slain by a gnoll
             ... wielding a +1 heavy flail
              (17 damage)
             ... on level 5 of the Dungeon.
             The game lasted 00:34:50 (4019 turns).

jaazzh the Shooter (Spriggan Hunter)                Turns: 4019, Time: 00:34:53

Health: -3/37      AC:  4    Str:  7      XL:     7   Next: 66%
Magic:  18/18      EV: 18    Int: 11 (12) God:    Nemelex Xobeh [......]
Gold:   360        SH:  0    Dex: 25      Spells: 6/6 levels left

rFire   . . .        j - +1 shortbow (heavy)
rCold   . . .        (shield currently unavailable)
rNeg    . . .        c - +0 robe
rPois   +            (helmet restricted)
rElec   .            g - +1 cloak
rCorr   .            (gloves unavailable)
SInv    +            (boots unavailable)
Will    +....        (no amulet)
Stlth   ++           f - ring of magical power
HPRegen 0.26/turn    t - +6 ring of dexterity
MPRegen 0.16/turn

%: no passive effects
@: very quick
A: very small, no large weapons, unfitting armour, see invisible, speed 3,
deterioration 1, poison resistance
a: Renounce Religion, Draw Escape, Draw Destruction, Draw Summoning


You were on level 5 of the Dungeon.
You worshipped Nemelex Xobeh.
Nemelex Xobeh was noncommittal.
You visited 2 branches of the dungeon, and saw 6 of its levels.

You collected 360 gold pieces.

Inventory:

Hand Weapons
 a - a +0 shortbow
 h - a +2 dagger of speed
 j - a +1 heavy shortbow (weapon)
Armour
 c - a +0 robe (worn)
 g - a +1 cloak (worn)
Jewellery
 f - a ring of magical power (left hand)
 t - a +6 ring of dexterity (right hand)
 z - a ring of resist corrosion
Wands
 q - a wand of digging (3)
Scrolls
 b - a scroll of butterflies
 d - 3 scrolls of enchant armour
 e - a scroll of immolation {unknown}
 k - a scroll of poison
 o - a scroll of revelation {unknown}
 s - 2 scrolls of teleportation {unknown}
 u - a scroll of silence {unknown}
 w - a scroll of blinking {unknown}
 x - a scroll of fear {unknown}
 y - a scroll of enchant weapon {unknown}
Potions
 i - a potion of might {unknown}
 l - 2 potions of curing
 m - 2 potions of lignification
 n - 2 potions of mutation
 p - a potion of invisibility {unknown}
 r - a potion of cancellation {unknown}
 v - a potion of attraction {unknown}


   Skills:
 + Level 4.1 Fighting
 * Level 7.8 Ranged Weapons
 - Level 2.6 Dodging
 - Level 1.5 Stealth
 + Level 2.5 Invocations


You had 6 spell levels left.
You didn't know any spells.
Your spell library was empty.

Dungeon Overview and Level Annotations

Branches:
Dungeon (5/15)             Temple (1/1) D:4

Altars:
Ashenzari
Dithmenos
Elyvilon
Gozag
Kikubaaqudgha
Makhleb
Nemelex Xobeh
Okawaru
Ru
Sif Muna
Trog
Uskayaw
Vehumet
Xom
Yredelemnul


Innate Abilities, Weirdness & Mutations

You are very small and have problems with some larger weapons.
You are too small for most types of armour.
You have supernaturally acute eyesight. (SInv)
You cover ground extremely quickly. (Speed+++)
Your body sometimes deteriorates upon taking damage.
Your system is resistant to poisons. (rPois)


Message History

The arrow hits the gnoll.
The gnoll is moderately wounded.
You hear a shout!
There is an escape hatch in the ceiling here.
You shoot an arrow. The arrow hits the gnoll.
The gnoll is moderately wounded.
You shoot an arrow. The arrow hits the gnoll.
The gnoll is severely wounded.
You shoot an arrow. The arrow hits the gnoll.
The gnoll is almost dead.
You shoot an arrow. The arrow closely misses the gnoll.
The arrow completely misses the gnoll.
The gnoll closely misses you.
You shoot an arrow. The arrow hits the gnoll!
You kill the gnoll!
You shoot an arrow. The arrow hits the gnoll.
The gnoll is severely wounded.
The gnoll completely misses you. The gnoll hits you with a +0 whip.
You shoot an arrow. The arrow hits the gnoll.
The gnoll is severely wounded.
The gnoll barely misses you.
A gnoll comes into view. It is wielding a +0 flail.
You shoot an arrow. The gnoll shouts!
The arrow hits the gnoll!!
You kill the gnoll!
The gnoll completely misses you.
You shoot an arrow. The arrow hits the gnoll!
The gnoll is severely wounded.
The gnoll hits you with a +1 heavy flail!!
Ouch! That really hurt!
Your body deteriorates!
You feel dopey.
You are too injured to fight recklessly!
Fire: j) +1 shortbow (heavy)
Press: ? - help, Q - select action, (/) - cycle Shift-Dir - straight line, f/p - gnoll
Aim: a gnoll, wielding a +1 heavy flail (severely wounded, 73% to hit)
You shoot an arrow. The arrow closely misses the gnoll.
The arrow barely misses the gnoll.
The gnoll hits you with a +1 heavy flail!
You die...
Your body disappears without a glow.

###### ###....#
###...#### ######
#...### .g.g..#
##.### .g.g. #..#
... #######.#### #
#.######..........#
#
#....gg@..........#
#
########..........#
# #..........# #
#..........# #
####...##########
#..#.#.......##
#..##.#.........
...# #.#.......##
#.## #.#.......##


You could see 2 gnolls.

Vanquished Creatures
  A phantom (D:5)
  A gnoll sergeant (D:5)
  2 scorpions (D:5)
  A bombardier beetle (D:5)
  A jelly (D:5)
  A hound (D:5)
  2 orc priests (D:4)
  A sleepcap (D:5)
  5 iguanas
  An orc wizard (D:4)
  Robin (D:2)
  6 adders
  9 gnolls
  2 dart slugs
  3 orcs
  2 ball pythons
  6 endoplasms
  2 giant cockroaches
  15 goblins
  14 hobgoblins
  9 jackals
  5 quokkas
  10 bats
  2 frilled lizards
  9 kobolds
  6 rats
117 creatures vanquished.

Notes
Turn   | Place    | Note
-------+----------+-------------------------------------------
     0 | D:1      | jaazzh the Spriggan Hunter began the quest for the Orb.
     0 | D:1      | Reached XP level 1. HP: 10/10 MP: 2/2
   226 | D:1      | Reached XP level 2. HP: 15/15 MP: 3/3
   655 | D:1      | Reached XP level 3. HP: 18/18 MP: 4/4
   837 | D:2      | Found a faded altar of an unknown god.
   943 | D:2      | Noticed Robin
   955 | D:2      | Killed Robin
   956 | D:2      | Reached skill level 5 in Ranged Weapons
  1058 | D:2      | Reached XP level 4. HP: 14/23 MP: 5/5
  1561 | D:3      | Reached XP level 5. HP: 15/27 MP: 6/6
  1962 | D:3      | Found an opulent altar of Gozag.
  2174 | D:4      | Gained mutation: Your body sometimes deteriorates upon
                  | taking damage. [potion of mutation]
  2174 | D:4      | Gained mutation: Your system is resistant to poisons.
                  | (rPois) [potion of mutation]
  2176 | D:4      | Reached skill level 6 in Ranged Weapons
  2318 | D:4      | Reached XP level 6. HP: 32/32 MP: 7/7
  2326 | D:4      | Found a shimmering altar of Xom.
  2594 | D:4      | Found a shimmering blue altar of Sif Muna.
  2795 | D:4      | Found a staircase to the Ecumenical Temple.
  2801 | Temple   | Entered the Ecumenical Temple
  2899 | Temple   | Became a worshipper of Nemelex Xobeh the Trickster
  2970 | D:4      | Found a white marble altar of Elyvilon.
  2970 | D:4      | Found an iron altar of Okawaru.
  2973 | D:4      | Found a basalt altar of Yredelemnul.
  3271 | D:5      | Entered Level 5 of the Dungeon
  3289 | D:5      | Found a broken altar of Ashenzari.
  3315 | D:5      | Reached skill level 7 in Ranged Weapons
  3315 | D:5      | Reached skill level 1 in Invocations
  3485 | D:5      | Reached XP level 7. HP: 37/37 MP: 9/9
  4019 | D:5      | Slain by a gnoll

Illustrated notes

Levels and vault maps discovered:
D:1:      hellmonk_arrival_library, layout_rooms, minmay_misc_feat_four_crosses
D:2:      layout_rooms, nicolae_ecumenical_pavilion, uniq_terence, uniq_robin
D:3:      layout_rooms, lemuel_coloured_pillars_altar, minmay_box_of_dots
D:4:      nicolae_cairo_tiling_large, layout_basic,
          nicolae_sif_muna_little_library, xom_butterflies,
          gammafunk_temple_overflow_forgotten, minmay_temple_entry_statues
D:5:      layout_rooms, kennysheep_mini, worldfamousw_hep_ancestral_shrine
Temple:   nicolae_temple_bog_church

Skill      XL: |  1  2  3  4  5  6  7 |
---------------+----------------------+-----
Fighting       | 2 3 4 |  4.1
Ranged Weapons | 5 6 7 |  7.8
Invocations    | 1 2 |  2.5
Dodging        | |  2.6
Stealth        | |  1.5

Action                     |  1- 3 |  4- 6 |  7- 9 || total
---------------------------+-------+-------+-------++-------
   Fire: Shortbow          |   116 |   130 |    28 ||   274
    Use: Potion            |       |     1 |       ||     1
         Scroll            |       |       |     4 ||     4
 Armour: Robe              |    24 |    12 |     6 ||    42
  Dodge: Dodged            |    55 |    42 |     9 ||   106
